 Dungeon Sprint DCSS version 0.17-a0-81-g781747f (webtiles) character file.

19056 BluebellGnoll the Bludgeoner (level 12, -2/133 HPs)
             Began as a Troll Berserker on Mar 15, 2015.
             Was the Champion of Trog.
             Slain by a stone giant (18 damage)
             ... in the Dungeon (Sprint IX: "|||||||||||||||||||||||||||||").
             The game lasted 00:19:39 (1363 turns).

BluebellGnoll the Bludgeoner (Troll Berserker)      Turns: 1363, Time: 00:19:40

Health: -2/133     AC: 10    Str: 32    XL:     12   Next: 33%
Magic:  0/1        EV: 14    Int:  3    God:    Trog [******]
Gold:   868        SH:  0    Dex: 12    Spells: 0 memorised, 11 levels left

rFire  . . .     SeeInvis .     r - +7 giant spiked club (antimagic)
rCold  . . .     Clarity  .     X - +0 mottled dragon armour
rNeg   . . .     SustAb   .     (shield restricted)
rPois  +         Gourm    +     (helmet restricted)
rElec  .         Spirit   +     a - +0 cloak
rCorr  .         Warding  .     (gloves unavailable)
rMut   .         NoTele   +     (boots unavailable)
MR     .....                    V - amulet of guardian spirit
Stlth  +.........               U - ring of poison resistance
                                n - +3 ring of dexterity

@: not resistant to hostile enchantments, very unstealthy
A: unfitting armour, claws 3, fast metabolism 3, gourmand, regeneration 2,
shaggy fur 1, tough skin 2
a: Burn Spellbooks, Berserk, Trog's Hand, Brothers in Arms, Renounce Religion


You were in the Dungeon.
You worshipped Trog.
Trog was exalted by your worship.
You were not hungry.

You visited 1 branch You collected 1920 gold pieces.
You spent 1052 gold pieces at shops.

Inventory:

Hand weapons
 l - the +1 broad axe of Invincibility {antimagic, rF+ Int+5 Stlth+}
   (You found it in the Dungeon)

   It disrupts the flow of magical energy around spellcasters and certain
   magical creatures (including the wielder).
   It affects your intelligence (+5).
   It protects you from fire.
   It makes you more stealthy.
 m - the +5 giant club of Premature Burial {flame, Int+5}
   (Trog gifted it to you in the Dungeon)

   It has been specially enchanted to burn those struck by it, causing extra
   injury to most foes and up to half again as much damage against particularly
   susceptible opponents.
   It affects your intelligence (+5).
 r - a +7 antimagic giant spiked club (weapon)
 C - the +1 great mace of Ihakh {drain, Dex+4}
   (Trog gifted it to you in the Dungeon)

   A truly terrible weapon, it drains the life of those it strikes.
   It affects your dexterity (+4).
 J - the +7 great mace "Undeadhunter" {disrupt, rN+}
   (Trog gifted it to you in the Dungeon)

   It protects you from negative energy.
 M - the +5 giant club "Suuptehye" {holy, +Fly rC+ Int-3}
   (Trog gifted it to you in the Dungeon)

   It has been blessed by the Shining One to cause great damage to the undead
   and demons.
   It affects your intelligence (-3).
   It protects you from cold.
   It lets you fly.
 Q - a +5 blowgun
Missiles
 p - 10 silver tomahawks
 q - a poisoned javelin
 G - 2 silver javelins
 H - 8 large rocks (quivered)
 I - 2 steel javelins
 K - 4 tomahawks
 L - 5 steel tomahawks
 N - 12 javelins
 O - 8 curare-tipped needles
Armour
 a - a +0 cloak (worn)
 b - a +0 animal skin
 X - a +0 mottled dragon armour (worn)
Jewellery
 n - a +3 ring of dexterity (left claw)
 U - a ring of poison resistance (right claw)
 V - an amulet of guardian spirit (around neck)
 W - an uncursed ring of see invisible
Magical devices
 k - a wand of draining (0)
 F - a wand of enslavement (2)
Scrolls
 i - 2 scrolls of blinking
 j - 4 scrolls of remove curse
 w - a scroll of immolation
 x - 2 scrolls of identify
 y - 2 scrolls of enchant weapon
 z - a scroll of recharging
 A - 4 scrolls of enchant armour
 B - 3 scrolls of fog
Potions
 d - 8 potions of curing
 e - 8 potions of heal wounds
 f - 2 potions of invisibility
 g - 4 potions of magic
 h - 2 potions of berserk rage
 s - 2 potions of haste
 t - 3 potions of restore abilities
 u - a potion of might
 v - 2 potions of agility
 P - 2 potions of mutation
 R - a potion of resistance
 S - a potion of cancellation
 T - a potion of flight
Comestibles
 c - 19 meat rations
 D - 40 fruits
 E - 14 bread rations


   Skills:
 + Level 12.8 Fighting
 - Level 17.7 Maces & Flails
 - Level 15.2 Throwing
 - Level 1.5 Armour
 - Level 9.6 Dodging


You had 11 spell levels left.
You didn't know any spells.

Dungeon Overview and Level Annotations

Branches:
Dungeon (1/1)

Altars:
Cheibriados
Dithmenos
Elyvilon
Fedhas
Gozag
Kikubaaqudgha
Makhleb
Nemelex Xobeh
Okawaru
Qazlal
Ru
Sif Muna
Trog
Vehumet
Xom
Yredelemnul
Zin
The Shining One
Beogh
Jiyva
Lugonu

Shops:
D ([%!


Innate Abilities, Weirdness & Mutations

You are too large for most types of armour.
You have claws for hands.
Your metabolism is lightning-fast.
You like to eat raw meat.
You heal very quickly.
You are covered in fur (AC +1).
You have very tough skin (AC +2).


Message History

You hammer the slime creature like a gong!!!!
You kill the slime creature!
Trog accepts your kill.
The stone giant throws a large rock.
The large rock misses you.
The stone giant throws a large rock.
The large rock hits you!
Items here: (( )) [[ †† The stone giant completely misses you.
You see here a large rock.
You barely miss the stone giant. The stone giant hits you!
* * * LOW HITPOINT WARNING * * *
You are too injured to fight recklessly!
You are too injured to fight recklessly!
You puncture the stone giant!!
The stone giant is moderately wounded.
The stone giant hits you!!
* * * LOW HITPOINT WARNING * * *
You sock the stone giant!
The stone giant is heavily wounded.
The stone giant hits you!!
You die...

▓'▓.▓.▓.▓.▓.▓.▓
▓.▓.▓.▓.▓'▓.▓.▓
▓?▓.▓÷▓.▓(▓.▓(▓
▓|▓.▓.▓.▓(▓.▓)▓
▓)▓.▓.▓.▓.▓.▓)▓
▓[▓.▓.▓.▓)▓.▓)▓
▓.▓.▓.▓.▓.▓.▓)▓
▓[▓.▓.▓.▓∩▓.▓.▓
▓.▓.▓.▓.▓)▓.▓@▓
▓.▓.▓.▓.▓∩▓.▓C▓
▓'▓.▓.▓.▓)▓.▓.▓
▓)▓.▓.▓.▓∩▓.▓.▓
▓.▓.▓.▓.▓.▓.▓.▓
▓.▓.▓(▓.▓∩▓.▓.▓
▓.▓.▓.▓.▓.▓.▓.▓
▓.▓.▓'▓.▓.▓.▓.▓
▓.▓.▓.▓.▓.▓.▓.▓


You could see a stone giant.

Vanquished Creatures
  A yaktaur captain (D)
  A fire dragon (D)
  A hydra (D)
  Erica (D)
  A tengu warrior (D)
  A death yak (D)
  Urug (D)
  6 orc high priests (D)
  A wizard (D)
  An unseen horror (D)
  3 orc knights (D)
  3 lindwurms (D)
  A griffon (D)
  An ugly thing (D)
  A spiny frog (D)
  2 komodo dragons (D)
  A wandering mushroom (D)
  A slime creature (D)
  A troll (D)
  3 basilisks (D)
  2 deep elf magi (D)
  A hungry ghost (D)
  A ynoxinul (D)
  Grum (D)
  2 wolves (D)
  3 porcupines (D)
  2 water moccasins (D)
  4 orc warriors (D)
  An eye of draining (D)
  2 centaurs (D)
  A giant frog (D)
  2 brain worms (D)
  A killer bee (D)
  An orc priest (D)
  4 orc wizards (D)
  2 iguanas (D)
  An adder (D)
  A river rat (D)
  3 worms (D)
  An adder skeleton (D)
  A giant gecko (D)
  6 orcs (D)
  2 bat skeletons (D)
  2 goblins (D)
  A hobgoblin (D)
  A kobold (D)
  A quokka (D)
  3 bats (D)
  2 giant cockroach zombies (D)
  2 giant newts (D)
  A rat (D)
90 creatures vanquished.

Vanquished Creatures (collateral kills)
  2 orc high priests (D)
  4 orc knights (D)
  Sonja (D)
  8 orc warriors (D)
  An orc (D)
16 creatures vanquished.

Grand Total: 106 creatures vanquished

Notes
Turn   | Place    | Note
--------------------------------------------------------------
     0 | D        | BluebellGnoll, the Troll Berserker, began the quest for the Orb.
     0 | D        | Reached XP level 1. HP: 22/22 MP: 1/1
     7 | D        | Reached skill level 3 in Maces & Flails
    13 | D        | Acquired Trog's second power
    18 | D        | Reached skill level 4 in Maces & Flails
    37 | D        | Acquired Trog's third power
    40 | D        | Reached XP level 2. HP: 29/29 MP: 1/1
    61 | D        | Found a glowing silver altar of Zin.
    61 | D        | Found a glowing golden altar of the Shining One.
    61 | D        | Found an ancient bone altar of Kikubaaqudgha.
    61 | D        | Found a basalt altar of Yredelemnul.
    61 | D        | Found a shimmering altar of Xom.
    61 | D        | Found a radiant altar of Vehumet.
    61 | D        | Found an iron altar of Okawaru.
    62 | D        | Found a burning altar of Makhleb.
    63 | D        | Found a deep blue altar of Sif Muna.
    64 | D        | Found a bloodstained altar of Trog.
    65 | D        | Found a sparkling altar of Nemelex Xobeh.
    66 | D        | Found a white marble altar of Elyvilon.
    67 | D        | Found a roughly hewn altar of Beogh.
    68 | D        | Found a viscous altar of Jiyva.
    69 | D        | Found a corrupted altar of Lugonu.
    70 | D        | Found a blossoming altar of Fedhas.
    71 | D        | Found a snail-covered altar of Cheibriados.
    72 | D        | Found a shadowy altar of Dithmenos.
    73 | D        | Found a stormy altar of Qazlal.
    74 | D        | Found an opulent altar of Gozag.
    75 | D        | Found a sacrificial altar of Ru.
    93 | D        | Got the +1 broad axe of Invincibility {antimagic, rF+ Int+5 Stlth+}
   112 | D        | Noticed a deep elf mage
   112 | D        | Noticed a hungry ghost
   114 | D        | Reached skill level 5 in Maces & Flails
   116 | D        | Killed a deep elf mage
   116 | D        | Received a gift from Trog
   116 | D        | Reached skill level 10 in Maces & Flails
   116 | D        | Reached XP level 3. HP: 36/36 MP: 2/2
   116 | D        | Reached XP level 4. HP: 44/44 MP: 2/2
   116 | D        | Reached XP level 5. HP: 50/50 MP: 2/2
   123 | D        | Killed an unseen horror
   123 | D        | Reached skill level 14 in Maces & Flails
   123 | D        | Reached XP level 6. HP: 44/59 MP: 3/3
   123 | D        | Reached XP level 7. HP: 49/66 MP: 3/3
   129 | D        | Killed a hungry ghost
   141 | D        | Noticed an eye of draining
   141 | D        | Noticed a killer bee
   141 | D        | Noticed a deep elf mage
   141 | D        | Noticed a basilisk
   141 | D        | Noticed a centaur
   144 | D        | Killed an eye of draining
   145 | D        | Killed a killer bee
   148 | D        | Killed a deep elf mage
   148 | D        | Received a gift from Trog
   148 | D        | Reached skill level 5 in Fighting
   148 | D        | Reached XP level 8. HP: 74/80 MP: 1/3
   151 | D        | Killed a basilisk
   156 | D        | Killed a centaur
   156 | D        | Received a gift from Trog
   277 | D        | Noticed an iguana
   277 | D        | Noticed a porcupine
   277 | D        | Noticed an iguana
   277 | D        | Noticed a porcupine
   277 | D        | Noticed a porcupine
   277 | D        | Noticed a komodo dragon
   278 | D        | Noticed a basilisk
   279 | D        | Killed an iguana
   280 | D        | Killed a porcupine
   280 | D        | Reached skill level 15 in Maces & Flails
   282 | D        | Killed an iguana
   283 | D        | Killed a porcupine
   284 | D        | Noticed a basilisk
   285 | D        | Killed a porcupine
   292 | D        | Killed a komodo dragon
   292 | D        | Reached skill level 16 in Maces & Flails
   293 | D        | Killed a basilisk
   293 | D        | Reached XP level 9. HP: 93/93 MP: 1/4
   295 | D        | Killed a basilisk
   297 | D        | Received a gift from Trog
   311 | D        | Got a steaming great mace {god gift}
   312 | D        | Identified the +1 great mace of Ihakh {drain, Dex+4} (Trog gifted it to you in the Dungeon)
   322 | D        | Noticed a giant frog
   322 | D        | Noticed a death yak
   322 | D        | Noticed a water moccasin
   322 | D        | Noticed a spiny frog
   322 | D        | Noticed a griffon
   322 | D        | Noticed a water moccasin
   323 | D        | Killed a giant frog
   327 | D        | Killed a death yak
   330 | D        | Killed a water moccasin
   330 | D        | Received a gift from Trog
   331 | D        | Killed a spiny frog
   332 | D        | Noticed a wandering mushroom
   335 | D        | Killed a griffon
   336 | D        | Killed a water moccasin
   347 | D        | Killed a wandering mushroom
   347 | D        | Reached XP level 10. HP: 83/102 MP: 1/4
   369 | D        | Received a gift from Trog
   387 | D        | Noticed a brain worm
   387 | D        | Noticed a brain worm
   387 | D        | Noticed a lindwurm
   387 | D        | Noticed a lindwurm
   387 | D        | Noticed a lindwurm
   390 | D        | Killed a brain worm
   390 | D        | Reached skill level 1 in Throwing
   391 | D        | Killed a brain worm
   394 | D        | Killed a lindwurm
   394 | D        | Reached skill level 5 in Throwing
   396 | D        | Killed a lindwurm
   401 | D        | Killed a lindwurm
   412 | D        | Received a gift from Trog
   413 | D        | Got a dazzling giant club {god gift}
   415 | D        | Identified the +5 giant club of Premature Burial {flame, Int+5} (Trog gifted it to you in the Dungeon)
   489 | D        | Noticed a wolf
   491 | D        | Noticed a wolf
   492 | D        | Killed a wolf
   496 | D        | Killed a wolf
   505 | D        | Noticed Grum
   521 | D        | Killed Grum
   560 | D        | Noticed an orc wizard
   560 | D        | Noticed an orc warrior
   560 | D        | Noticed an orc wizard
   560 | D        | Noticed an orc priest
   565 | D        | Noticed an orc wizard
   568 | D        | Killed an orc wizard
   573 | D        | Killed an orc warrior
   573 | D        | Received a gift from Trog
   574 | D        | Killed an orc wizard
   580 | D        | Noticed an orc wizard
   580 | D        | Killed an orc priest
   581 | D        | Noticed an orc warrior
   583 | D        | Killed an orc wizard
   584 | D        | Received a gift from Trog
   590 | D        | Killed an orc warrior
   590 | D        | Received a gift from Trog
   590 | D        | Reached skill level 17 in Maces & Flails
   594 | D        | Killed an orc wizard
   596 | D        | Received a gift from Trog
   635 | D        | Received a gift from Trog
   651 | D        | Noticed an orc warrior
   651 | D        | Noticed an orc warrior
   651 | D        | Noticed an orc warrior
   651 | D        | Noticed an orc warrior
   651 | D        | Noticed an orc warrior
   651 | D        | Noticed an orc warrior
   651 | D        | Noticed an orc knight
   652 | D        | Killed an orc warrior
   657 | D        | Noticed an orc warrior
   657 | D        | Killed an orc warrior
   657 | D        | Received a gift from Trog
   663 | D        | Killed an orc knight
   664 | D        | Killed an orc warrior
   665 | D        | Killed an orc warrior
   667 | D        | Killed an orc warrior
   668 | D        | Killed an orc warrior
   669 | D        | Killed an orc warrior
   673 | D        | Noticed an orc warrior
   675 | D        | Noticed an orc warrior
   675 | D        | Noticed an orc warrior
   675 | D        | Killed an orc warrior
   675 | D        | Received a gift from Trog
   676 | D        | Killed an orc warrior
   680 | D        | Killed an orc warrior
   710 | D        | Found Ettoon's Weapon Emporium.
   710 | D        | Noticed an orc high priest
   710 | D        | Noticed an orc high priest
   710 | D        | Noticed an orc high priest
   710 | D        | Noticed an orc knight
   710 | D        | Noticed an orc knight
   710 | D        | Noticed an orc high priest
   713 | D        | Noticed an orc high priest
   713 | D        | Killed an orc high priest
   713 | D        | Received a gift from Trog
   713 | D        | Reached skill level 10 in Throwing
   713 | D        | Killed an orc high priest
   713 | D        | Reached XP level 11. HP: 80/109 MP: 4/4
   715 | D        | Found Nuowah's Antique Armour Shoppe.
   715 | D        | Noticed an orc high priest
   720 | D        | Noticed an ice devil
   722 | D        | Killed an orc high priest
   724 | D        | Killed an orc high priest
   758 | D        | Killed an orc knight
   762 | D        | Killed an orc knight
   762 | D        | Received a gift from Trog
   767 | D        | Killed an orc high priest
   774 | D        | Killed an orc high priest
   774 | D        | Received a gift from Trog
   825 | D        | Got a dazzling giant club {god gift}
   826 | D        | Lost intelligence.
   826 | D        | Identified the +5 giant club "Suuptehye" {holy, +Fly rC+ Int-3} (Trog gifted it to you in the Dungeon)
   833 | D        | Found Quyheas' Food Emporium.
   833 | D        | Noticed an orc knight
   836 | D        | Noticed an orc high priest
   849 | D        | Killed an orc knight
   872 | D        | Found Stosohus' Distillery.
   874 | D        | Noticed an orc knight
   879 | D        | Killed an orc high priest
   879 | D        | Received a gift from Trog
   880 | D        | Noticed an orc high priest
   882 | D        | Noticed an orc knight
   882 | D        | Killed an orc knight
   890 | D        | Killed an orc high priest
   893 | D        | Killed an orc knight
   893 | D        | Reached skill level 15 in Throwing
   917 | D        | Bought 6 javelins for 62 gold pieces
  1065 | D        | Noticed Sonja
  1068 | D        | Killed Sonja
  1128 | D        | Bought a potion of curing for 36 gold pieces
  1128 | D        | Bought a potion of haste for 120 gold pieces
  1128 | D        | Bought a potion of heal wounds for 60 gold pieces
  1128 | D        | Bought a potion of invisibility for 96 gold pieces
  1128 | D        | Bought a potion of restore abilities for 60 gold pieces
  1128 | D        | Bought a potion of curing for 36 gold pieces
  1128 | D        | Bought a potion of resistance for 120 gold pieces
  1128 | D        | Bought a potion of cancellation for 96 gold pieces
  1128 | D        | Bought a potion of mutation for 30 gold pieces
  1128 | D        | Bought a potion of flight for 36 gold pieces
  1130 | D        | Bought a bread ration for 50 gold pieces
  1130 | D        | Bought a bread ration for 50 gold pieces
  1130 | D        | Bought a meat ration for 50 gold pieces
  1130 | D        | Bought a meat ration for 50 gold pieces
  1130 | D        | Bought a meat ration for 50 gold pieces
  1130 | D        | Bought a meat ration for 50 gold pieces
  1192 | D        | Noticed Erica
  1195 | D        | Noticed Urug
  1196 | D        | Killed Erica
  1196 | D        | Received a gift from Trog
  1201 | D        | Killed Urug
  1315 | D        | Noticed a wizard
  1315 | D        | Noticed a centaur
  1315 | D        | Noticed a troll
  1315 | D        | Noticed a komodo dragon
  1315 | D        | Noticed an eight-headed hydra
  1316 | D        | Killed a wizard
  1317 | D        | Noticed an orc knight
  1318 | D        | Killed a centaur
  1319 | D        | Killed a troll
  1321 | D        | Noticed a cyan ugly thing
  1321 | D        | Noticed a fire dragon
  1323 | D        | Noticed a yaktaur captain
  1323 | D        | Killed a komodo dragon
  1323 | D        | Reached skill level 10 in Fighting
  1327 | D        | Noticed a tengu warrior
  1328 | D        | Killed an eight-headed hydra
  1328 | D        | Reached XP level 12. HP: 114/128 MP: 1/5
  1331 | D        | Noticed a slime creature
  1331 | D        | Killed an orc knight
  1331 | D        | Received a gift from Trog
  1334 | D        | Killed a cyan ugly thing
  1337 | D        | Killed a fire dragon
  1343 | D        | Killed a yaktaur captain
  1353 | D        | Noticed a stone giant
  1355 | D        | Killed a tengu warrior
  1357 | D        | Killed a slime creature
  1363 | D        | Slain by a stone giant

Action                   |  1- 3 |  4- 6 |  7- 9 | 10-12 || total
-------------------------+-------+-------+-------+-------++-------
Melee: Mace              |    36 |       |       |       ||    36
       Dire flail        |     3 |     7 |    17 |       ||    27
       Giant spiked club |       |       |    33 |    67 ||   100
       Giant club        |       |       |       |    38 ||    38
Throw: Javelin           |       |       |       |     4 ||     4
       Large rock        |       |       |       |    13 ||    13
Invok: Trog's Hand       |     2 |       |     3 |    12 ||    17
       Brothers in Arms  |       |       |       |     4 ||     4
Evoke: Wand              |       |       |       |     7 ||     7
  Use: Potion            |     1 |       |       |       ||     1
 Stab: Sleeping          |       |       |     1 |       ||     1
  Eat: Chunk             |       |       |     2 |    12 ||    14
